 Seeded DCSS version 0.30-a0-728-gc68057be0a (webtiles) character file.

Game seed: 13378002285222283535 (custom seed)

39 hikkokomori the Slasher (level 3, 0/31 HPs)
             Began as a Minotaur Gladiator on Jan 30, 2023.
             Slain by a gnoll
             ... wielding a +0 halberd
              (9 damage)
             ... on level 2 of the Dungeon.
             The game lasted 00:01:01 (911 turns).

hikkokomori the Slasher (Minotaur Gladiator)         Turns: 911, Time: 00:01:02

Health: 0/31       AC:  3    Str: 18    XL:     3   Next: 28%
Magic:  2/2        EV: 12    Int:  5    God:
Gold:   76         SH:  0    Dex: 13    Spells: 2/2 levels left

rFire   . . .      SeeInvis .    a - +0 long sword
rCold   . . .      Faith    .    (no shield)
rNeg    . . .      Spirit   .    b - +0 leather armour
rPois   .          Reflect  .    c - +0 hat
rElec   .          Harm     .    (no cloak)
rCorr   .          Rampage  .    (no gloves)
Will    .....                    (no boots)
Stlth   +                        (no amulet)
HPRegen 0.25/turn                (no ring)
MPRegen 0.08/turn                (no ring)

@: mighty, flying
A: horns 2, retaliatory headbutt
a: no special abilities


You were on level 2 of the Dungeon.
You visited 1 branch of the dungeon, and saw 2 of its levels.

You collected 76 gold pieces.

Inventory:

Hand Weapons
 a - a +0 long sword (weapon)
Missiles
 d - 3 throwing nets (quivered)
 e - a javelin
Armour
 b - a +0 leather armour (worn)
 c - a +0 hat (worn)
Jewellery
 m - a ring of magical power
Scrolls
 f - a scroll of identify {unknown}
 g - a scroll of enchant weapon {unknown}
 h - a scroll of torment {unknown}
 i - a scroll of fear {unknown}
 j - a scroll of immolation {unknown}
 k - 3 scrolls of enchant armour {unknown}
 l - a scroll of acquirement {unknown}
 o - a scroll of fog {unknown}


   Skills:
 + Level 3.2 Fighting
 + Level 4.2 Long Blades
 - Level 2.0 Throwing
 - Level 3.2 Dodging
 + Level 1.3 Stealth


You had 2 spell levels left.
You didn't know any spells.
Your spell library contained the following spells:

 Spells                   Type           Power      Damage    Failure   Level
 Inner Flame              Hex/Fire       0%         N/A       88%         3
 Flame Wave               Conj/Fire      0%         2d4       99%         4
 Sticky Flame             Conj/Fire      0%         2d3       99%         4


Dungeon Overview and Level Annotations

Branches:
Dungeon (2/15)

Altars:


Innate Abilities, Weirdness & Mutations

You have a pair of horns on your head.
You reflexively headbutt those who attack you in melee.


Message History

You headbutt the adder!
You kill the adder!
No target in view!
No target in view!
No target in view!
No target in view!
No target in view!
No target in view!
No target in view!
You feel sick.
You feel sick.
You are no longer poisoned.
You now have 76 gold pieces (gained 6).
q - a coppery potion A gnoll comes into view.
It is wielding a +0 halberd.
A gnoll is nearby!
A gnoll is nearby!
A gnoll is nearby! 2 gnolls come into view.
The gnoll shouts!
You hear a shout! x3
It was a potion of flight.
You feel very buoyant.
You fly up into the air.
It was a potion of curing.
You feel better. The gnoll hits you but does no damage.
It was a potion of might.
You feel very mighty all of a sudden. The gnoll hits you with a +0 flail.
The gnoll closely misses you.
You closely miss the gnoll. The gnoll hits you with a +0 flail!
The gnoll closely misses you.
You slash the gnoll!
The gnoll is heavily wounded.
The gnoll barely misses you. The gnoll hits you with a +0 flail.
You barely miss the gnoll. You headbutt the gnoll.
The gnoll is severely wounded.
The gnoll hits you with a +0 flail!
* * * LOW HITPOINT WARNING * * *
The gnoll barely misses you.
The gnoll hits you from afar with a +0 halberd!
You die...

............................#####
.................................
#.#######.###.#.###..............
.#######.# #.#.# #..............
.........# #.#.# #..............
.........# #.#.###..............
########.###.#............######
#......########.##..(....
#.......@ggg..........###
#......####.##..## #.##..
#......# .....# ..... #......#
..g.## .##. #......# ....# ##..
#......# ###.# #..# #......# .#
#... #.###### # #. ##.. #...###


You could see 3 gnolls.

Vanquished Creatures
  An adder (D:2)
  3 dart slugs
  2 ball pythons (D:2)
  An endoplasm (D:2)
  A giant cockroach (D:2)
  3 goblins
  2 hobgoblins (D:1)
  3 jackals (D:1)
  2 bats
  4 frilled lizards (D:2)
  A kobold (D:1)
  A rat (D:1)
24 creatures vanquished.

Notes
Turn   | Place    | Note
-------+----------+-------------------------------------------
     0 | D:1      | hikkokomori the Minotaur Gladiator began the quest for the
                  | Orb.
     0 | D:1      | Reached XP level 1. HP: 18/18 MP: 0/0
    91 | D:1      | Reached XP level 2. HP: 25/25 MP: 1/1
   284 | D:1      | Reached skill level 4 in Long Blades
   517 | D:1      | Reached skill level 1 in Stealth
   678 | D:2      | Reached XP level 3. HP: 31/31 MP: 2/2
   911 | D:2      | Slain by a gnoll

Illustrated notes

Levels and vault maps discovered:
D:1:      dpeg_arrival_connections, layout_basic
D:2:      layout_basic, chequers_jeans, minmay_close_crescents

Skill      XL: |  1  2 |
---------------+-------+-----
Long Blades    | 4 |  4.2
Fighting       | 3 |  3.2
Stealth        | 1 |  1.3
Throwing       | |  2.0
Dodging        | |  3.2

Action                     || total
---------------------------++-------
  Melee: Long sword        ||    62
         Headbutt          ||    10
    Use: Potion            ||     3
   Stab: Sleeping          ||     1
 Armour: Leather armour    ||    22
  Dodge: Dodged            ||    48

Table legend: (Time is in decaauts)
 A = Elapsed time spent in this place.
 B = Non-inter-level travel time spent in this place.
 C = Inter-level travel time spent in this place.
 D = Time resting spent in this place.
 E = Time spent auto-exploring this place.
 F = Levels seen in this place.
 G = Mean time per level.
                   A        B        C        D        E       F      G
               +--------+--------+--------+--------+--------+-----+--------+
         Total |    923 |    923 |      0 |      0 |    755 |   2 |  461.5 |
       Dungeon |    923 |    923 |      0 |      0 |    755 |   2 |  461.5 |
               +--------+--------+--------+--------+--------+-----+--------+

Top non-repeatable levels by time:
     D:1: 525 daAuts
     D:2: 397 daAuts
